 Dungeon Crawl Stone Soup version 0.17-a0-2122-g03d97ec (webtiles) character file.

945 brucemayne the Cleaver (level 7, -11/52 HPs)
             Began as a Demonspawn Berserker on Oct 21, 2015.
             Was a Believer of Trog.
             Killed from afar by Pikel (30 damage)
             ... with a wand of lightning
             ... on level 6 of the Dungeon.
             The game lasted 00:05:44 (1460 turns).

brucemayne the Cleaver (Demonspawn Berserker)       Turns: 1460, Time: 00:05:44

Health: -11/52     AC: 10    Str: 20    XL:     7   Next: 89%
Magic:  7/7        EV: 10    Int:  8    God:    Trog [**....]
Gold:   93         SH:  0    Dex: 12    Spells: 0 memorised, 6 levels left

rFire  . . .     SeeInvis .     a - +0 hand axe
rCold  . . .     Clarity  .     k - +0 scale mail
rNeg   . . .     SustAt   .     (no shield)
rPois  .         Gourm    .     (no helmet)
rElec  .         Spirit   .     (no cloak)
rCorr  .         Warding  .     (no gloves)
rMut   .         Stasis   .     p - +0 pair of boots (curse)
MR     .....                    (no amulet)
Stlth  ..........               (no ring)
                                (no ring)

@: exhausted, slowed, very slow, not resistant to hostile enchantments,
extremely unstealthy
A: yellow scales 2, powered by pain 1, spiny 1
a: Berserk, Trog's Hand, Burn Spellbooks, Renounce Religion


You were on level 6 of the Dungeon.
You worshipped Trog.
Trog was pleased with you.
You were not hungry.

You visited 1 branch of the dungeon, and saw 6 of its levels.

You collected 93 gold pieces.

Inventory:

Hand Weapons
 a - a +0 hand axe (weapon)
Armour
 b - a +0 animal skin
 k - a +0 scale mail (worn)
 p - a cursed +0 pair of boots (worn)
 q - a +0 ring mail
Scrolls
 e - 2 scrolls of amnesia {unknown}
 f - a scroll of magic mapping {unknown}
 i - 2 scrolls of remove curse {unknown}
 j - 3 scrolls of identify {unknown}
 m - a scroll of enchant armour {unknown}
 r - a scroll of noise {unknown}
 s - a scroll of teleportation {unknown}
Potions
 d - a potion of flight {unknown}
 g - a potion of magic {unknown}
 l - 6 potions of curing {unknown}
 n - a potion of agility {unknown}
Books
 h - a book of Death

   Spells                             Type                      Level
   a - Corpse Rot                     Necromancy                   2
   b - Sublimation of Blood           Necromancy                   2
   c - Agony                          Necromancy                   5
   d - Dispel Undead                  Necromancy                   5
   e - Excruciating Wounds            Charms/Necromancy            5
   f - Bolt of Draining               Conjuration/Necromancy       5
   Trog disapproves of the use of such an item.
Comestibles
 c - 2 bread rations


   Skills:
 - Level 3.0 Fighting
 + Level 8.8 Axes
 - Level 1.7 Armour
 - Level 1.7 Dodging


You had 6 spell levels left.
You didn't know any spells.

Dungeon Overview and Level Annotations

Branches:
Dungeon (6/15)
 Temple: D:4-7

Altars:
Nemelex Xobeh
Okawaru
Vehumet
Zin

Annotations:
D:6 Pikel


Innate Abilities, Weirdness & Mutations

You are mostly covered in yellow scales (AC +3).
You sometimes gain a little power by taking damage.
You are partially covered in sharp spines.


Message History

Eat which item? (? for menu, Esc to quit)
You can't eat that!
Things that are here:
a ring mail; a short sword There isn't anything to butcher here.
There isn't anything to butcher here.
Unknown command.
Eat which item? (? for menu, Esc to quit)
You can't eat that!
You start resting.
You are feeling very hungry.
Eat which item? (? for menu, Esc to quit)
You continue eating. x2
You finish eating.
That bread ration really hit the spot!
A slave is nearby!
Unknown command.
Pikel zaps a wand.
The bolt of lightning hits you!
It is a wand of lightning.
Pikel zaps a wand.
The bolt of lightning hits you!
Ouch! That really hurt!
You die...

#................#
#................#
#......รทรท.(......#
#........[.......#
#.......<[K).....##
#...(...[.)......#
##.....#..)...##.##
#######.####.##..#
#@# #...#... #.#
#.#.#######o. #.#
#.#..[.opo... #p#
#.#######O...
#........ .o
#........ ##.......
....... .......


You could see Pikel and a slave.

Vanquished Creatures
  The ghost of brucemayne the Chopper, an amateur DsBe of Trog (D:5)
  3 slaves (D:6)
  2 ice beasts
  A sky beast (D:6)
  An ogre (D:6)
  2 crimson imps
  A giant frog skeleton (D:6)
  2 orc wizards
  3 hounds (D:5)
  3 orc priests
  Terence (D:3)
  A worker ant (D:5)
  4 adders
  An ooze (D:3)
  A worm (D:2)
  7 orcs
  A giant cockroach (D:3)
  2 hobgoblins
  4 jackals (D:6)
  6 kobolds
  A quokka (D:3)
  A bat (D:2)
  A giant gecko zombie (D:5)
  A giant newt (D:2)
  5 goblins
  3 rats (D:1)
59 creatures vanquished.

Notes
Turn   | Place    | Note
--------------------------------------------------------------
     0 | D:1      | brucemayne the Demonspawn Berserker began the quest for the Orb.
     0 | D:1      | Reached XP level 1. HP: 18/18 MP: 1/1
    81 | D:1      | Gained mutation: You are partially covered in sharp spines. [demonic ancestry]
    81 | D:1      | Reached XP level 2. HP: 24/24 MP: 2/2
   131 | D:2      | Found a radiant altar of Vehumet.
   199 | D:3      | Reached XP level 3. HP: 26/29 MP: 3/3
   210 | D:3      | Noticed Terence
   238 | D:3      | Killed Terence
   238 | D:3      | Reached ** piety under Trog
   238 | D:3      | Reached skill level 4 in Axes
   349 | D:2      | Gained mutation: You are partially covered in yellow scales (AC +2). [demonic ancestry]
   349 | D:2      | Reached XP level 4. HP: 19/35 MP: 4/4
   449 | D:4      | Reached skill level 5 in Axes
   451 | D:4      | Reached XP level 5. HP: 41/41 MP: 5/5
   522 | D:4      | Found a glowing silver altar of Zin.
   523 | D:4      | Found an iron altar of Okawaru.
   523 | D:4      | Found a sparkling altar of Nemelex Xobeh.
   546 | D:4      | Noticed a phantom
   809 | D:5      | Entered Level 5 of the Dungeon
   809 | D:5      | Noticed an ice beast
   819 | D:5      | Killed an ice beast
   819 | D:5      | Reached skill level 6 in Axes
   819 | D:5      | Gained mutation: You are mostly covered in yellow scales (AC +3). [demonic ancestry]
   819 | D:5      | Reached XP level 6. HP: 47/47 MP: 6/6
   836 | D:5      | Noticed brucemayne's ghost (amateur DsBe)
   849 | D:5      | Killed brucemayne's ghost
   849 | D:5      | Reached skill level 7 in Axes
  1018 | D:5      | Gained mutation: You sometimes gain a little power by taking damage. [demonic ancestry]
  1018 | D:5      | Reached XP level 7. HP: 52/52 MP: 7/7
  1126 | D:6      | Reached skill level 8 in Axes
  1170 | D:6      | Noticed Pikel
  1460 | D:6      | Killed from afar by Pikel

Vault maps used:
D:1:      ncdulo_watergridlock, minmay_gold_behind_fungi
D:2:      lemuel_doored_altar, first_bread, ecumenical_altar_1
D:3:      minmay_misc_feat_pillars, glass_columns_b, uniq_terence, uniq_jessica
D:4:      grunt_temple_overflow_open, hex_large, st_stairs_11
D:6:      bh_walls_and_bars, uniq_menkaure, uniq_pikel

Action                   |  1- 3 |  4- 6 |  7- 9 || total
-------------------------+-------+-------+-------++-------
Melee: Hand axe          |    49 |    55 |    61 ||   165
Invok: Berserk           |     2 |     2 |     3 ||     7
       Trog's Hand       |       |     1 |     3 ||     4
  Eat: Chunk             |       |     2 |       ||     2
       Beef jerky        |       |     1 |       ||     1
       Meat ration       |       |     1 |       ||     1
       Bread ration      |       |       |     1 ||     1
